 Dungeon Crawl Stone Soup version 0.17-a0-725-gfa8c127 (webtiles) character file.

49 oplop the Sneak (level 3, -1/18 HPs)
             Began as a Vine Stalker Assassin on Apr 20, 2015.
             Slain by an adder (2 damage)
             ... on level 2 of the Dungeon.
             The game lasted 00:02:19 (1086 turns).

oplop the Sneak (Vine Stalker Assassin)             Turns: 1086, Time: 00:02:19

Health: -1/18      AC:  6    Str: 13    XL:     3   Next: 77%
Magic:  0/3        EV: 11    Int: 11    God:
Gold:   20         SH:  6    Dex: 16    Spells: 0 memorised, 2 levels left

rFire  . . .     SeeInvis .     b - +0 blowgun
rCold  . . .     Rnd*Rage +     c - +0 robe
rNeg   . . .     SustAb   .     l - +2 buckler
rPois  .         Gourm    .     (no helmet)
rElec  .         Spirit   +     q - +0 cloak
rCorr  .         Warding  .     (no gloves)
rMut   .         Stasis   .     (no boots)
MR     .....                    (no amulet)
Stlth  +++.......               (no ring)
                                (no ring)

@: lethally poisoned (-1 -> -2), not resistant to hostile enchantments, fairly
stealthy
A: fangs 2, yellow scales 1, berserk 1, low mp 1, regeneration 1, shaggy fur 1,
magic shield, antimagic bite, no device heal 3, rot immunity
a: no special abilities


You were on level 2 of the Dungeon.
You were hungry.

You visited 1 branch of the dungeon, and saw 2 of its levels.

You collected 20 gold pieces.

Inventory:

Hand weapons
 a - a +2 dagger
 b - a +0 blowgun (weapon)
Missiles
 f - 2 curare-tipped needles (quivered)
Armour
 c - a +0 robe (worn)
 d - a +0 cloak
 l - a +2 buckler (worn)
 q - a +0 cloak (worn)
Scrolls
 j - 3 scrolls of noise {unknown}
 p - a scroll of identify {unknown}
 r - a scroll of enchant armour {unknown}
 s - a scroll of remove curse {unknown}
Potions
 m - 2 potions of might {unknown}
 n - a potion of brilliance {unknown}
 o - a potion of ambrosia {unknown}
Comestibles
 g - 3 bread rations
 i - a meat ration
 k - 6 fruits


   Skills:
 - Level 1.8 Fighting
 + Level 2.4 Short Blades
 - Level 1.7 Throwing
 - Level 0.7 Dodging
 + Level 5.8 Stealth
 + Level 0.8 Shields


You had 2 spell levels left.
You didn't know any spells.

Dungeon Overview and Level Annotations

Branches:
Dungeon (2/15)

Altars:
Xom


Innate Abilities, Weirdness & Mutations

You have extremely sharp teeth.
Your natural rate of healing is unusually fast.
You are covered in fur (AC +1).
When hurt, damage is shared between your health and your magic reserves.
Your bite disrupts and absorbs the magic of your enemies.
Potions and wands cannot restore your health.
You are immune to rotting.
You are partially covered in yellow scales (AC +2).
You tend to lose your temper in combat.
Your magical capacity is low (-10% MP).


Message History

Firing (i - inventory. (,) - cycle):
e - 2 poisoned needles (quivered)
Press: ? - help, Shift-Dir - straight line, f/p - adder
Aim: an adder (severely wounded, poisoned)
You shoot a poisoned needle.
The poisoned needle barely misses the adder.
The adder closely misses you.
Drink which item? (? for menu, Esc to quit)
It was a potion of mutation.
You feel extremely strange.
You feel less energetic.
Yellow scales grow over part of your body.
You feel a little pissed off.
* * * LOW HITPOINT WARNING * * *
You feel sick. The adder barely misses you.
Firing (i - inventory. (,) - cycle):
e - a poisoned needle (quivered)
Press: ? - help, Shift-Dir - straight line, f/p - adder
Aim: an adder (almost dead, poisoned)
You shoot a poisoned needle.
The poisoned needle closely misses the adder.
The adder bites you.
You die...

#### ..# #.#
###.###.###########
#..(.....(S@.......#
.##.###.########.##
....>...g..# #.#
.#...###### #.# ....
#.# ##. #.# .. #...#
#.# .. ...# #.# #.#
#...# #######.#


You could see an adder.

Vanquished Creatures
  An adder (D:2)
  An ooze (D:2)
  4 bats
  3 giant cockroaches (D:1)
  4 goblins
  5 hobgoblins
  3 jackals (D:2)
  8 kobolds
  A giant newt (D:1)
  A rat (D:1)
31 creatures vanquished.

Notes
Turn   | Place    | Note
--------------------------------------------------------------
     0 | D:1      | oplop, the Vine Stalker Assassin, began the quest for the Orb.
     0 | D:1      | Reached XP level 1. HP: 11/11 MP: 2/2
    35 | D:1      | Reached skill level 5 in Stealth
   121 | D:1      | Reached XP level 2. HP: 15/15 MP: 3/3
   743 | D:1      | Reached XP level 3. HP: 18/18 MP: 4/4
   961 | D:2      | Found a shimmering altar of Xom.
  1085 | D:2      | Gained mutation: Your magical capacity is low (-10% MP). [potion of mutation]
  1085 | D:2      | Gained mutation: You are partially covered in yellow scales (AC +2). [potion of mutation]
  1085 | D:2      | Gained mutation: You tend to lose your temper in combat. [potion of mutation]
  1086 | D:2      | Slain by an adder

Action                   || total
-------------------------++-------
Melee: Dagger            ||    91
 Fire: Blowgun           ||    10
  Use: Potion            ||     1
 Stab: Sleeping          ||     6
